[ AOE2 MATCH · #505809460 ]
UnrankedKhitans vs Tupi
Player's team · LOSS
Rival team · WIN
[ REPLAY ANALYSIS · EXTRACTED FROM THE RECORDED GAME ]
Feudal
12:57
Castle
—
Imperial
—
| APM avg | 68.8 |
| APM peak | 116 |
| eAPM avg | 23.2 |
| Villagers / military | 39 / 12 |
Focus
⚔️ 16.8% · 🌾 83.2%
Archer ×12
Feudal
15:18
Castle
—
Imperial
—
| APM avg | 49.7 |
| APM peak | 80 |
| eAPM avg | 21.5 |
| Villagers / military | 51 / 9 |
Focus
⚔️ 21.8% · 🌾 78.2%
Skirmisher ×9 · Unknown (2550) ×1
Match map
Initial resources + every placement click. Lines = walls · curves = elevation contours. ◆ gold · ⬟ stone · ● berries · ✦ relic · ◌ wall gap
Your base· Open — unwalled flank
TE MS MOE's base· Open — unwalled flank
Smoothed initial terrain · ◌ = detected wall gap · hover for details
Inputs per minute
— PomPom - - TE MS MOE
Build order — PomPom
100 actions detected in the replay
| 0:00 | Create | Villager (Male) |
| 0:00 | Create | Villager (Male) |
| 0:01 | Build | House |
| 0:02 | Build | House |
| 0:12 | Create | Villager (Male) |
| 0:12 | Create | Villager (Male) |
| 1:30 | Create | Villager (Male) |
| 1:57 | Create | Villager (Male) |
| 2:14 | Create | Villager (Male) |
| 2:34 | Build | Lumber Camp |
| 2:44 | Create | Villager (Male) |
| 2:44 | Create | Villager (Male) |
| 3:09 | Create | Villager (Male) |
| 3:10 | Create | Villager (Male) |
| 3:30 | Create | Villager (Male) |
| 3:53 | Build | House |
| 3:59 | Build | House |
| 4:05 | Create | Villager (Male) |
| 4:19 | Create | Villager (Male) |
| 4:39 | Create | Villager (Male) |
| 5:12 | Create | Villager (Male) |
| 5:21 | Build | Mill |
| 5:36 | Create | Villager (Male) |
| 6:05 | Build | House |
| 6:09 | Create | Villager (Male) |
| 6:26 | Research | Loom |
| 6:48 | Create | Villager (Male) |
| 7:31 | Create | Villager (Male) |
| 7:31 | Create | Villager (Male) |
| 7:31 | Create | Villager (Male) |
| 7:32 | Create | Villager (Male) |
| 7:48 | Build | Palisade Wall |
| 7:49 | Build | Palisade Wall |
| 7:51 | Build | Palisade Wall |
| 7:52 | Build | Palisade Wall |
| 7:54 | Build | Palisade Wall |
| 8:00 | Create | Villager (Male) |
| 8:01 | Create | Villager (Male) |
| 8:04 | Build | Lumber Camp |
| 8:22 | Create | Villager (Male) |
| 8:41 | Build | House |
| 9:55 | Build | Town Center |
| 10:31 | Build | Mining Camp |
| 10:47 | Research | Feudal Age |
| 10:47 | Research | Feudal Age |
| 10:48 | Create | Villager (Male) |
| 10:48 | Create | Villager (Male) |
| 11:08 | Build | Barracks |
| 11:11 | Build | Palisade Wall |
| 11:19 | Build | Palisade Wall |
| 11:23 | Build | House |
| 11:36 | Build | Pasture |
| 11:47 | Create | Villager (Male) |
| 11:53 | Build | Pasture |
| 12:06 | Build | Pasture |
| 12:19 | Build | House |
| 12:47 | Build | House |
| 12:53 | Build | Palisade Wall |
| 12:57 | Age | Feudal Age |
| 12:59 | Build | Archery Range |
| 13:03 | Research | Double-Bit Axe |
| 13:03 | Research | Double-Bit Axe |
| 13:19 | Build | Palisade Gate |
| 13:32 | Build | Pasture |
| 13:39 | Create | Villager (Male) |
| 13:41 | Create | Archer |
| 13:41 | Create | Archer |
| 14:00 | Create | Archer |
| 14:16 | Create | Archer |
| 14:19 | Create | Villager (Male) |
| 14:50 | Build | Blacksmith |
| 14:52 | Create | Villager (Male) |
| 15:08 | Create | Archer |
| 15:11 | Create | Villager (Male) |
| 15:15 | Build | Pasture |
| 15:16 | Create | Archer |
| 15:20 | Build | House |
| 15:31 | Build | Pasture |
| 15:35 | Research | Fletching |
| 15:35 | Research | Fletching |
| 15:45 | Create | Villager (Male) |
| 15:47 | Build | Outpost |
| 15:51 | Research | Town Watch |
| 15:54 | Create | Archer |
| 15:58 | Create | Villager (Male) |
| 16:04 | Build | Pasture |
| 16:30 | Create | Archer |
| 16:34 | Create | Villager (Male) |
| 16:35 | Create | Villager (Male) |
| 16:38 | Build | Pasture |
| 16:49 | Build | House |
| 16:50 | Build | House |
| 17:31 | Create | Villager (Male) |
| 17:32 | Create | Villager (Male) |
| 17:33 | Create | Archer |
| 17:33 | Create | Archer |
| 18:40 | Build | House |
| 18:47 | Create | Archer |
| 18:47 | Create | Archer |
| 19:24 | Research | Castle Age |
Build order — TE MS MOE
100 actions detected in the replay
| 0:01 | Create | Villager (Male) |
| 0:02 | Build | House |
| 0:03 | Build | House |
| 0:21 | Create | Villager (Male) |
| 0:21 | Create | Villager (Male) |
| 0:21 | Create | Villager (Male) |
| 0:21 | Create | Villager (Male) |
| 0:22 | Create | Villager (Male) |
| 1:03 | Create | Villager (Male) |
| 1:59 | Create | Villager (Male) |
| 1:59 | Create | Villager (Male) |
| 2:14 | Build | Settlement |
| 2:21 | Create | Villager (Male) |
| 2:21 | Create | Villager (Male) |
| 2:21 | Create | Villager (Male) |
| 2:59 | Create | Villager (Male) |
| 2:59 | Create | Villager (Male) |
| 2:59 | Create | Villager (Male) |
| 3:32 | Create | Villager (Male) |
| 3:32 | Create | Villager (Male) |
| 4:01 | Create | Villager (Male) |
| 4:33 | Research | Loom |
| 4:34 | Research | Loom |
| 5:11 | Create | Villager (Male) |
| 5:19 | Create | Villager (Male) |
| 5:19 | Create | Villager (Male) |
| 5:19 | Create | Villager (Male) |
| 5:22 | Create | Villager (Male) |
| 5:22 | Create | Villager (Male) |
| 5:58 | Build | House |
| 6:55 | Build | Town Center |
| 7:38 | Create | Villager (Male) |
| 7:38 | Create | Villager (Male) |
| 7:38 | Create | Villager (Male) |
| 7:39 | Create | Villager (Male) |
| 7:39 | Create | Villager (Male) |
| 8:28 | Build | Palisade Wall |
| 8:29 | Build | Palisade Wall |
| 8:38 | Build | Palisade Wall |
| 8:51 | Create | Villager (Male) |
| 8:51 | Create | Villager (Male) |
| 8:51 | Create | Villager (Male) |
| 9:06 | Build | Palisade Wall |
| 9:23 | Create | Villager (Male) |
| 9:23 | Create | Villager (Male) |
| 9:30 | Create | Villager (Male) |
| 9:30 | Create | Villager (Male) |
| 9:30 | Create | Villager (Male) |
| 10:01 | Build | House |
| 10:03 | Create | Villager (Male) |
| 10:03 | Create | Villager (Male) |
| 10:04 | Create | Villager (Male) |
| 10:04 | Create | Villager (Male) |
| 10:22 | Build | Settlement |
| 10:36 | Build | Barracks |
| 10:43 | Create | Villager (Male) |
| 11:10 | Create | Villager (Male) |
| 11:30 | Create | Villager (Male) |
| 11:45 | Create | Unit 2550 |
| 11:56 | Create | Villager (Male) |
| 12:40 | Create | Villager (Male) |
| 13:06 | Research | Feudal Age |
| 13:06 | Research | Feudal Age |
| 13:27 | Build | Settlement |
| 14:13 | Build | Outpost |
| 14:20 | Build | Outpost |
| 14:59 | Build | Outpost |
| 15:18 | Age | Feudal Age |
| 15:25 | Build | Archery Range |
| 15:28 | Research | Town Watch |
| 15:28 | Research | Town Watch |
| 15:33 | Build | Settlement |
| 15:49 | Research | Double-Bit Axe |
| 15:50 | Research | Double-Bit Axe |
| 15:51 | Create | Villager (Male) |
| 16:10 | Build | Farm |
| 16:11 | Build | Farm |
| 16:13 | Build | Farm |
| 16:15 | Build | Farm |
| 16:18 | Create | Skirmisher |
| 16:18 | Create | Skirmisher |
| 16:30 | Create | Villager (Male) |
| 16:36 | Build | Farm |
| 16:42 | Create | Skirmisher |
| 16:52 | Build | Farm |
| 17:15 | Create | Skirmisher |
| 17:19 | Build | Blacksmith |
| 17:28 | Create | Villager (Male) |
| 17:51 | Build | Watch Tower |
| 18:03 | Create | Skirmisher |
| 18:05 | Research | Fletching |
| 18:05 | Research | Fletching |
| 18:10 | Build | Palisade Wall |
| 18:12 | Build | Palisade Wall |
| 18:38 | Create | Skirmisher |
| 18:38 | Create | Skirmisher |
| 18:58 | Create | Skirmisher |
| 18:58 | Create | Skirmisher |
| 19:01 | Create | Villager (Male) |
| 19:01 | Create | Villager (Male) |
Match timeline
| 7:48 | PomPom · wall_segment Palisade Wall x1 |
| 7:49 | PomPom · wall_segment Palisade Wall x1 |
| 7:51 | PomPom · wall_segment Palisade Wall x1 |
| 7:52 | PomPom · wall_segment Palisade Wall x1 |
| 7:54 | PomPom · wall_segment Palisade Wall x1 |
| 8:28 | TE MS MOE · wall_segment Palisade Wall x1 |
| 8:29 | TE MS MOE · wall_segment Palisade Wall x1 |
| 8:38 | TE MS MOE · wall_segment Palisade Wall x1 |
| 9:06 | TE MS MOE · wall_segment Palisade Wall x1 |
| 10:36 | TE MS MOE · first_building Barracks |
| 11:08 | PomPom · first_building Barracks |
| 11:11 | PomPom · wall_segment Palisade Wall x3 |
| 11:19 | PomPom · wall_segment Palisade Wall x2 |
| 12:53 | PomPom · wall_segment Palisade Wall x9 |
| 12:57 | PomPom · age_up feudal |
| 12:59 | PomPom · first_building Archery Range |
| 15:18 | TE MS MOE · age_up feudal |
| 15:25 | TE MS MOE · first_building Archery Range |
| 18:10 | TE MS MOE · wall_segment Palisade Wall x1 |
| 18:12 | TE MS MOE · wall_segment Palisade Wall x1 |
| 19:32 | PomPom · resign |
[ AI ANALYSIS · 1 CREDIT ]
What really happened in this match?
Wolo.gg analyzes every decision: build order, eco, micro, common mistakes by bracket. Personalized analysis on WhatsApp or Discord in 30 seconds.
Civ guide
Khitans
Perfil
Jugador #455708